cohdb
Replays
Latest Replays
All Replays
Popular Replays
Top Player Replays
Match Explorer
How It Works
Community
CoH3 Stats
Reddit
Sign in to upload your games and track your stats! →
Sign in with Steam
Match 44339507
Unlisted
Match 44339507
Overview
Messages
Build Orders
End
Construct Weapon Support Center
Selects Airborne Battlegroup
Selects Airborne Battlegroup
Selects Heavy Machine Gun Paradrop
Heavy Machine Gun Paradrop
Bazooka Squad
Heavy Machine Gun Paradrop
Air Support Center
Heavy Machine Gun Paradrop
Selects Paratrooper Squad Paradrop
Construct Motor Pool
Grasshopper Recon Run
P-47 Dive Bomb
Selects Recon Loiter
Paratrooper Squad Paradrop
M24 Chaffee Light Tank
Grasshopper Recon Run
M24 Chaffee Light Tank
Engineer Squad
M24 Chaffee Light Tank
M24 Chaffee Light Tank
P-47 Strafing Run
Selects Supply Drop
Selects Dual P-47 Rocket Strike
Selects Anti-tank Gun Team Paradrop
M24 Chaffee Light Tank
M24 Chaffee Light Tank
M24 Chaffee Light Tank
M24 Chaffee Light Tank
Grasshopper Recon Run
uur
Axis For Braindeads
Barbarossa
ramses(tiriska)
nidjo
sergio
ManFrau
Dad.ergo
0
0
Comments
sign in to comment!
No comments posted yet!